Unix NetHack Version 5.0.0-0 post-release - last build May 23 2026 06:08:33 (1c0ff79ee797540d5714e4e18072db0edd9e58ae,branch:main).

Game began 2026-05-26 00:35:27, ended 2026-05-26 01:46:42.

Jobair, neutral female human Tourist

                          --------------------------------
                          |.............................u|
                          |...-----..----.-----+------.@f|
                          |...|%%]|--|..|.|.%%| k|.((|...|
                          |...|$!.|  |..-.-..%| f|(@.|...|
                          |...|..?|  |---.-------|...|...|
                          |...--|---+-...........---|-...|
                          ....................)...........######
                          |...........{.-|-.....{........|     #####---------
                          |.............|.....|....[.....|         #........|
                          |....---|-....|.....|..-|---..+|          |.......|
                          ..---|...|-|-.|.._..|-||...|...|          +.......|
                          |.   |(.(|..|.|.....|..|++.|...|          |...<...|
                          |.   |(((|..|.------|..|+++|...|          |.......|
                          |.   --------.      --------...|          |.......|
                          |            .             ....|          ---------
                                      ---           ------

Jobair the Excursionist     St:10 Dx:14 Co:17 In:12 Wi:11 Ch:13  Neutral
Dlvl:5  $:637 HP:0(63) Pw:29(29) AC:2  Xp:7 T:6879  Burdened

Latest messages:
 You cannot drop something you are wearing.
 You cannot drop something you are wearing.
 You cannot drop something you are wearing.
 You cannot drop something you are wearing.
 You cannot drop something you are wearing.
 A scroll labeled PHOL ENDE WODAN lands on the altar.
 A clear potion lands on the altar.
 A clear potion lands on the altar.
 A ruby potion lands on the altar.
 Your movements are now unencumbered.
 A coral ring lands on the altar.
 A looking glass lands on the altar.
 A lamp called MAGIC (lit) lands on the altar.
 A lamp called MAGIC lands on the altar.
 A magic whistle lands on the altar.
 X - an uncursed scroll labeled PHOL ENDE WODAN.
 B - 2 uncursed clear potions.
 You have a little trouble lifting an uncursed ruby potion.  Continue? [ynq] (q) q
 You have a little trouble lifting an uncursed ruby potion.  Continue? [ynq] (q) y
 You have a little trouble lifting U - an uncursed ruby potion.
 t - an uncursed coral ring.
 A - an uncursed looking glass.
 D - an uncursed lamp called MAGIC.
 y - an uncursed lamp called MAGIC (lit).
 z - an uncursed magic whistle.
 Your movements are slowed slightly because of your load.
 Pick a monster, object or location.
 The housecat misses the black unicorn.
 The housecat misses the gecko.
 The housecat bites the gecko.
 Your housecat grows up into a large cat.
 The black unicorn butts!
 The black unicorn kicks!
 The black unicorn misses!
 The black unicorn kicks!
 You miss the black unicorn.
 The black unicorn butts!
 The black unicorn kicks!
 The black unicorn butts!
 The black unicorn kicks!
 The black unicorn butts!
 The black unicorn kicks!
 The black unicorn butts!
 The black unicorn kicks!
 You die...
 Do you want your possessions identified? [ynq] (y) y
 Do you want to see your attributes? [ynq] (y) y
 Do you want an account of creatures vanquished? [ynaq] (y) y
 Do you want to see your conduct and achievements? [ynq] (y) y
 Do you want to see the dungeon overview? [ynq] (y) y

Inventory:
 Coins    ('$')
  $ - 637 gold pieces
 Weapons  (')')
  a - 19 +2 darts (at the ready)
  x - 41 +0 darts
  u - a +0 katana (weapon in left hand)
 Armor    ('[')
  v - a blessed +1 helm of telepathy (being worn)
  J - an uncursed +0 pair of iron shoes (being worn)
  S - an uncursed +0 dwarvish roundshield (being worn)
  Y - an uncursed greased +0 dwarvish cloak (being worn)
  E - an uncursed +0 leather armor (being worn)
 Comestibles  ('%')
  d - 2 uncursed food rations
  s - an uncursed tripe ration
 Scrolls  ('?')
  X - an uncursed scroll of confuse monster
  l - a blessed scroll of enchant weapon
  h - 4 uncursed scrolls of magic mapping
 Potions  ('!')
  g - 5 uncursed potions of extra healing
  U - an uncursed potion of levitation
  B - 2 uncursed potions of water
 Rings    ('=')
  t - an uncursed ring of slow digestion
 Wands    ('/')
  R - a wand of sleep (0:4)
 Tools    ('(')
  p - an uncursed blindfold
  j - an expensive camera (0:41)
  y - an uncursed magic lamp (lit)
  D - an uncursed magic lamp
  z - an uncursed magic whistle
  A - an uncursed mirror
  C - an uncursed skeleton key

Jobair the Tourist's attributes:

Background:
 You were an Excursionist, a level 7 female human Tourist.
 You were neutral, on a mission for The Lady
 who was opposed by Blind Io (lawful) and Offler (chaotic).
 You were left-handed.
 You were in the Gnomish Mines, on level 5.
 You entered the dungeon 6879 turns ago.
 It was nighttime.
 You had 683 experience points, 597 more were needed to attain level 8.

Basics:
 You had 0 out of 63 hit points.
 You had all 29 energy points (spell power).
 Your armor class was 2.
 Your wallet contained 637 zorkmids.
 Autopickup was off.

Final Characteristics:
 Your strength was 10 (limit:18/100).
 Your dexterity was 14 (limit:18).
 Your constitution was 17 (limit:18).
 Your intelligence was 12 (limit:18).
 Your wisdom was 11 (limit:18).
 Your charisma was 13 (limit:18).

Final Status:
 You weren't hungry.
 You were burdened; movement was slightly slowed.
 You were wielding a long sword.
 You had basic skill with long sword.

Final Attributes:
 You were piously aligned.
 Your items were somewhat protected from fire.
 Your items were somewhat protected from cold.
 You were telepathic.
 You were warded.
 You are dead.

Miscellaneous:
 You didn't encounter any bones levels.
 Total elapsed playing time was 1 hour, 11 minutes and 14 seconds.

Major events:
 Turn
    1: Jobair the neutral female human Tourist entered the dungeon
 1686: attained the rank of Sightseer (level 3)
 4774: entered the Gnomish Mines
 4774: attained the rank of Excursionist (level 6)
 6571: reached Mine Town
 6879: killed by a black unicorn

You didn't know any spells.

Skills:
 Fighting Skills
   bare handed combat [Unskilled]
   two weapon combat  [Unskilled]
   riding             [Unskilled]
 Weapon Skills
   dagger             [Unskilled]
   knife              [Unskilled]
   axe                [Unskilled]
   pick-axe           [Unskilled]
   short sword        [Unskilled]
   broadsword         [Unskilled]
   long sword         [Basic]
   two-handed sword   [Unskilled]
   saber              [Unskilled]
   mace               [Unskilled]
   morning star       [Unskilled]
   flail              [Unskilled]
   hammer             [Unskilled]
   quarterstaff       [Unskilled]
   polearms           [Unskilled]
   spear              [Unskilled]
   trident            [Unskilled]
   lance              [Unskilled]
   bow                [Unskilled]
   sling              [Unskilled]
   crossbow           [Unskilled]
   dart               [Basic]
   shuriken           [Unskilled]
   boomerang          [Unskilled]
   whip               [Unskilled]
   unicorn horn       [Unskilled]
 Spellcasting Skills
   divination spells  [Unskilled]
   enchantment spells [Unskilled]
   escape spells      [Unskilled]

Voluntary challenges:
 Character rerolling was not enabled.
 You never genocided any monsters.
 You never polymorphed an object.
 You never changed form.
 You used no wishes.
Achievements:
 You entered a shop.
 You attained the rank of Sightseer.
 You entered the Gnomish Mines.
 You attained the rank of Excursionist.
 You entered Minetown.
 You entered a temple.

 The Dungeons of Doom: levels 1 to 6
    Level 1:
       A fountain.
    Level 2:
       A weapon shop, a grave.
       Stairs down to The Gnomish Mines.
    Level 3:
       A general store, an altar to The Lady, a grave.
    Level 4:
       A ring shop, a fountain.
    Level 5:
       A fountain.
    Level 6:
       A general store, some fountains.
 The Gnomish Mines: levels 3 to 5
    Level 3:
    Level 4:
    Level 5: <- You were here.
       Many shops, a temple and an altar, some fountains.
       Final resting place for
          you, killed by a black unicorn.


Vanquished creatures:
  2 small mimics
  a watchman
  a housecat
  a rock mole
  2 yellow lights
  3 gnome leaders
  3 gnomish wizards
  4 giant ants
  a floating eye
  7 dwarves
  a homunculus
  a kobold leader
  a kobold shaman
  7 rothes
  a rabid rat
  a centipede
  4 orc zombies
  2 dwarf zombies
  4 iguanas
 an acid blob
  3 coyotes
  3 gas spores
  4 hobbits
  3 manes
  a large kobold
  a cave spider
  3 brown molds
  2 yellow molds
  a green mold
  a red mold
 20 gnomes
  a gnome zombie
  3 geckos
 14 jackals
  a fox
  a kobold
  2 goblins
  5 sewer rats
 13 grid bugs
  a bat
  4 lichens
  3 kobold zombies
 13 newts
151 creatures vanquished.

No species were genocided or became extinct.

Game over:
                       ----------
                      /          \
                     /    REST    \
                    /      IN      \
                   /     PEACE      \
                  /                  \
                  |      Jobair      |
                  |      637 Au      |
                  |   killed by a    |
                  |  black unicorn   |
                  |                  |
                  |                  |
                  |       2026       |
                 *|     *  *  *      | *
        _________)/\\_//(\/(/\)/\//\/|_)_______

Aloha Jobair the Tourist...

You died in The Gnomish Mines on dungeon level 5 with 2982 points,
and 637 pieces of gold, after 6879 moves.
You were level 7 with a maximum of 63 hit points when you died.

